 Dungeon Crawl Stone Soup version 0.21-a0-84-g85d6d27 (webtiles) character file.

123 Deathtrap2010 the Shield-Bearer (level 4, -1/40 HPs)
             Began as a Minotaur Fighter on June 27, 2017.
             Slain by an orc priest
             ... wielding a +0 flail
              (5 damage)
             ... on level 3 of the Dungeon.
             The game lasted 00:09:45 (1930 turns).

Deathtrap2010 the Shield-Bearer (Minotaur Fighter)  Turns: 1930, Time: 00:09:45

Health: -1/40      AC: 11    Str: 18 (21) XL:     4   Next: 80%
Magic:  3/3        EV:  9    Int:  3 (5)  God:
Gold:   210        SH:  9    Dex:  8 (10) Spells: 3/3 levels left

rFire    . . .     SeeInvis .   a - +0 war axe
rCold    . . .     Gourm    .   c - +0 shield
rNeg     . . .     Faith    .   b - +0 scale mail
rPois    .         Spirit   .   (helmet restricted)
rElec    .         Reflect  .   l - +2 cloak
rCorr    .         Harm     .   (no gloves)
MR       .....                  e - +0 pair of boots
Stlth    ..........             (no amulet)
HPRegen  0.13/turn              (no ring)
MPRegen  0.08/turn              (no ring)

@: no status effects
A: retaliatory headbutt, horns 2, repulsion field 1, blink
a: Blink


You were on level 3 of the Dungeon.
You were not hungry.

You visited 1 branch of the dungeon, and saw 3 of its levels.

You collected 210 gold pieces.

Inventory:

Hand Weapons
 a - a +0 war axe (weapon)
Armour
 b - a +0 scale mail (worn)
 c - a +0 shield (worn)
 e - a +0 pair of boots (worn)
 l - a +2 cloak (worn)
Scrolls
 g - 3 scrolls of identify
 j - 3 scrolls of teleportation
 k - a scroll of remove curse
 o - a scroll of amnesia {unknown}
Potions
 d - 3 potions of might
 h - 2 potions of brilliance
 n - a potion of flight
Comestibles
 f - 5 bread rations
 i - a meat ration
 p - a royal jelly


   Skills:
 * Level 4.2 Fighting
 * Level 4.2 Axes
 * Level 4.2 Armour
 * Level 1.0 Dodging
 * Level 4.5 Shields


You had 3 spell levels left.
You didn't know any spells.

Dungeon Overview and Level Annotations

Branches:
Dungeon (3/15)

Altars:


Innate Abilities, Weirdness & Mutations

You reflexively headbutt those who attack you in melee.
You have a pair of horns on your head.
You are surrounded by a mild repulsion field. (EV +2)
You can translocate small distances at will.


Message History

You feel less confused. The orc priest hits you with a flail!
* * * LOW HITPOINT WARNING * * *
Unknown command.
Okay, then.
You hit the orc priest.
The orc priest is moderately wounded.
The orc priest invokes the aid of Beogh against you.
You barely resist. You closely miss the orc priest.
The orc priest is moderately wounded.
The orc priest calls upon Beogh to heal the orc wizard.
The orc wizard is healed somewhat.
You closely miss the orc priest.
The orc priest is moderately wounded.
You block the orc priest's attack.
You slash the orc priest!
The orc priest is severely wounded.
The orc priest hits you with a flail.
You die...

#.# #..#..#.#
#.#############
#...
#.............#
....#
#############.#
..K. #.#...
#####.#.#
#...[oK.#
#.###S### #@o.#
###.# .# #


You could see an orc priest, an orc wizard, a ball python and a kobold.

Vanquished Creatures
  5 adders
  2 oozes
  2 worms (D:2)
  4 dart slugs
  2 leopard geckos
  3 orcs (D:3)
  3 giant cockroaches (D:2)
  5 hobgoblins
  A quokka (D:2)
  8 bats
  3 frilled lizards
  10 goblins
  3 kobolds
  A rat (D:3)
52 creatures vanquished.

Notes
Turn   | Place    | Note
-------+----------+-------------------------------------------
     0 | D:1      | Deathtrap2010 the Minotaur Fighter began the quest for the Orb.
     0 | D:1      | Reached XP level 1. HP: 19/19 MP: 0/0
   321 | D:1      | Gained mutation: You can translocate small distances at will. [potion of mutation]
   321 | D:1      | Gained mutation: You are surrounded by a mild repulsion field. (EV +2) [potion of mutation]
   511 | D:1      | Reached XP level 2. HP: 27/27 MP: 1/1
   916 | D:2      | Reached XP level 3. HP: 29/33 MP: 2/2
  1454 | D:2      | Found a faded altar of an unknown god.
  1462 | D:2      | Reached XP level 4. HP: 40/40 MP: 3/3
  1871 | D:3      | Reached skill level 1 in Dodging
  1930 | D:3      | Slain by an orc priest

Vault maps used:
D:1:      tarquinn_simple_flora_water_d, minmay_misc_feat_diagonals
D:2:      chequers_ecumenical_altar_simple_redux
D:3:      first_bread, minmay_door_square

Skill      XL: |  1  2  3  4 |
---------------+-------------+-----
Shields        | 4 |  4.5
Fighting       | 4 |  4.2
Axes           | 3 4 |  4.2
Armour         | 4 |  4.2
Dodging        | 1 |  1.0

Action                   |  1- 3 |  4- 6 || total
-------------------------+-------+-------++-------
Melee: War axe           |    72 |    51 ||   123
       Headbutt          |    14 |     7 ||    21
 Abil: Blink             |     1 |       ||     1
  Use: Potion            |     6 |     2 ||     8
       Scroll            |     5 |       ||     5
  Eat: Bread ration      |     1 |       ||     1
Armor: Scale mail        |    45 |    25 ||    70
Dodge: Dodged            |    35 |    24 ||    59
Block: Shield            |    51 |    34 ||    85
